AoeStats
← Don Pepino Sonrisa

Arabia

507270754Analyzed
1v1 RM · 13d ago on Sep 17, 2026· 43m 59s· 2 players
Game mode
Random Map
Map size
Tiny (2 player)
Population
200
Speed
Normal
Resources
Standard
Victory
Conquest
Starting age
Dark Age
Ending age
Imperial Age
RankedLock teamsTeams togetherTeam positionsShared explorationLock speedFull tech treeHidden civsTurbo modeCheats
Victory
Defeat
🇰🇷 Burmese · South Korea
1681
+15
🇹🇷 Bulgarians · Türkiye
1649
-15
Vasifsiz
6:37 Loom
9:29 Feudal Age
10:29 Double-Bit Axe
15:07 Padded Archer Armor
15:39 Fletching
20:31 Castle Age
20:45 Scale Barding Armor
20:51 Forging
22:19 Bow Saw
23:01 Bloodlines
22:52 Husbandry
23:17 Chain Barding Armor
27:04 Gold Mining
32:49 Wheelbarrow
40:26 Imperial Age
44:07 Iron Casting
44:08 Plate Barding Armor
Don Pepino Sonrisa
6:40 Loom
9:30 Feudal Age
11:38 Man-at-Arms
13:03 Horse Collar
17:02 Wheelbarrow
16:58 Padded Archer Armor
16:51 Fletching
17:39 Padded Archer Armor
23:06 Castle Age
22:58 Scale Mail Armor
23:10 Forging
23:13 Long Swordsman
25:20 Squires
28:49 Chain Mail Armor
29:58 Arson
36:12 Heavy Plow
37:15 Iron Casting
36:31 Town Watch
39:15 Gold Mining
39:16 Stone Mining
40:52 Hand Cart
43:49 Imperial Age
41:39 Gambesons
43:06 Masonry
42:52 Murder Holes
43:41 Ballistics
43:50 Two-Handed Swordsman
45:01 Plate Mail Armor
45:37 Blast Furnace
Connection lost

Rejoining the realm…

Still unreachable

The connection could not be restored.

Session expired

The server has moved on; the page needs a fresh start.